[Event "First Division Chess league"]
[Site "Dhaka, Bangladesh"]
[Date "2010.10.29"]
[Round "10"]
[White "Khondakar Nazre Mowla"]
[Black "Khondakar Aminul Islam"]
[Result "0-1"]
[WhiteElo "1869"]
[BlackElo "2275"]
[ECO "B00"]
[TimeControl "5400+30"]

1. e4 Nc6 2. Nf3 d6 3. Bb5 Bg4 4. d3 e6 5. h3 Bh5 6. O-O Nf6 7. c3 a6 8. Ba4 
Nd7 9. Bf4 Be7 10. Nbd2 b5 11. Bc2 O-O 12. d4 e5 13. Be3 exd4 14. cxd4 Nb4 
15. Bb1 c5 16. dxc5 Nxc5 17. a3 Nc6 18. b4 Na4 19. Qb3 Rc8 20. Ba2 Bf6 21. 
Rac1 Qd7 22. Rc2 Ne7 23. Rfc1 Bb2 24. Rxc8 Nxc8 25. Rc2 Bf6 26. Bd4 Bxd4 27. 
Nxd4 Bd1 28. Qb1 Bxc2 29. Qxc2 Ne7 30. Ne2 d5 31. exd5 Nxd5 32. Qd3 Nf6 33. 
Qxd7 Nxd7 34. Bb3 Ndb6 35. Bxa4 Nxa4 36. Nd4 Rc8 37. N2b3 Rc3 38. Kf1 Nb6 0-1

[Event "First Division Chess League"]
[Site "Dhaka, Bangladesh"]
[Date "2010.10.30"]
[Round "11"]
[White "Mir Mosharraf Ali"]
[Black "Khondakar Nazre Mowla"]
[Result "0-1"]
[WhiteElo "1922"]
[BlackElo "1869"]
[ECO "C53"]
[TimeControl "5400+30"]

1. e4 e5 2. Nf3 Nc6 3. Bc4 Bc5 4. c3 Nf6 5. b4 Bb6 6. d3 d6 7. h3 a5 8. b5 
Ne7 9. a4 O-O 10. Bg5 Ng6 11. Na3 h6 12. Be3 c6 13. Qd2 d5 14. exd5 cxd5 15. 
Ba2 Be6 16. O-O Qd6 17. Bxb6 Qxb6 18. Qe3 Qd6 19. Nb1 Rac8 20. Re1 Nd7 21. 
Qd2 Nc5 22. Qd1 Rfd8 23. Nxe5 Nxe5 24. d4 Nc4 25. dxc5 Qxc5 26. Qd4 Qxd4 27. 
cxd4 Nb2 28. Nd2 Nxa4 29. Bxd5 Bxd5 30. Rxa4 b6 31. Nf3 Bxf3 32. gxf3 Rd5 33. 
Re7 Kf8 34. Rb7 Rxb5 35. Ra1 Rg5+ 36. Kf1 Rg6 37. Ke2 Rd6 38. Kd3 Rcd8 39. 
Ra4 g6 40. Rc4 R8d7 41. Rb8+ Ke7 42. Kc3 Rf6 43. f4 Rxf4 44. Rxb6 Rf3+ 45. 
Kb2 Rxf2+ 46. Kb3 Rf3+ 47. Ka4 Rf4 48. Kxa5 Rfxd4 49. Rc3 Rd3 50. Rc4 Rxh3 
51. Re4+ Kf8 52. Rf4 Kg7 53. Rbf6 Rb3 54. Ka4 Rb8 55. Ra6 Rd1 56. Rf3 Ra1+ 
57. Ra3 Rxa3+ 58. Kxa3 0-1

[Event "First Division Chess League 2008"]
[Site "Dhaka,Bangladesh"]
[Date "2008.12.16"]
[Round "1"]
[White "Arghyadip Das"]
[Black "Khondakar Nazre Mowla"]
[Result "1-0"]
[WhiteElo "2404"]
[BlackElo "1872"]
[ECO "C24"]
[TimeControl "90 minutes + 30 seconds increment"]

1. e4 e5 2. Bc4 Nf6 3. d3 c6 4. Nf3 d5 5. Bb3 Bg4 6. h3 Bxf3 7. Qxf3 Nbd7 8. 
exd5 cxd5 9. Bxd5 Qa5+ 10. Nc3 Bb4 11. O-O Bxc3 12. Bxb7 Rb8 13. bxc3 Qxc3 
14. Be3 Qc7 15. Rab1 a5 16. c4 O-O 17. Qc6 Qxc6 18. Bxc6 Rfd8 19. Bb7 1-0

[Event "First Division Chess League 2008"]
[Site "Dhaka,Bangladesh"]
[Date "2008.12.17"]
[Round "2"]
[White "Khondakar Nazre Mowla"]
[Black "S.A.M Nasir"]
[Result "1-0"]
[WhiteElo "1872"]
[BlackElo "2081"]
[ECO "B00"]
[TimeControl "90 minutes + 30 seconds increment"]

1. e4 d6 2. d4 g6 3. Nf3 Bg7 4. Nc3 Nf6 5. Be2 O-O 6. O-O Nbd7 7. h3 c6 8. a4 
a5 9. Be3 Qc7 10. Qd2 Re8 11. Rad1 e5 12. dxe5 dxe5 13. Bc4 Nf8 14. Qd6 Qxd6 
15. Rxd6 Be6 16. Be2 N8d7 17. Ng5 Bf8 18. Rdd1 Nc5 19. Nxe6 Nxe6 20. f3 Nd4 
21. Bd3 Nd7 22. Ne2 Bc5 23. Nxd4 exd4 24. Bf2 Nb6 25. b3 Rad8 26. c3 Rd7 27. 
Bc2 Red8 28. cxd4 Bxd4 29. Bxd4 Rxd4 30. Kf2 Rxd1 31. Rxd1 Rxd1 32. Bxd1 Kf8 
33. Ke3 Ke7 34. Kd4 Kd6 35. f4 c5+ 36. Kc3 f6 37. Be2 g5 38. g3 gxf4 39. gxf4 
Nd7 40. Bg4 Nf8 41. Bf5 Ng6 42. Bxg6 hxg6 43. h4 Kc6 44. Kc4 b6 45. f5 g5 46. 
h5 g4 47. h6 g3 48. h7 g2 49. h8=Q g1=Q 50. Qc8+ Kd6 51. Qe6+ Kc7 52. Qe7+ 
Kc8 53. Kb5 c4 54. bxc4 Qd4 55. Qe6+ 1-0

[Event "First Division Chess League 2008"]
[Site "Dhaka,Bangladesh"]
[Date "2008.12.31"]
[Round "3"]
[White "Nasiruddin Apu"]
[Black "Khondakar Nazre Mowla"]
[Result "0-1"]
[WhiteElo "1972"]
[BlackElo "1872"]
[ECO "D32"]
[TimeControl "90 minutes + 30 seconds increment"]

1. d4 d5 2. c4 e6 3. Nc3 c5 4. dxc5 d4 5. Ne4 Bxc5 6. Nxc5 Qa5+ 7. Qd2 Qxc5 
8. Nf3 Nc6 9. e4 e5 10. Bd3 Nf6 11. a3 a5 12. O-O a4 13. h3 O-O 14. Qd1 Be6 
15. Qc2 Rfc8 16. Bd2 Nd7 17. Ng5 Nf8 18. Rac1 f6 19. Nxe6 Nxe6 20. Qd1 Qd6 
21. Qe2 Nc5 22. Rc2 Nb3 23. f4 Nxd2 24. c5 Qe7 25. Qxd2 Kh8 26. f5 Qc7 27. 
Bc4 Qa5 28. Bd5 Qxd2 29. Rxd2 Ra5 30. Rc1 Rc7 31. Kf2 g6 32. g4 Rb5 33. Rc4 
Ra5 34. Ke2 Kg7 35. Kd3 Kf8 36. h4 Kg7 37. g5 gxf5 38. exf5 Ne7 39. Be4 Rcxc5 
40. Rdc2 b6 41. gxf6+ Kxf6 42. Rb4 Rcb5 43. Rcc4 Rxb4 44. Rxb4 b5 45. Kd2 
Nxf5 46. b3 Nxh4 47. bxa4 Rxa4 48. Rb3 Ng6 49. Bc6 Nf4 50. Bxb5 Ra5 51. Bc6 
Kf5 52. a4 Ke6 53. Rb6 Nd5 54. Rb7 Kd6 55. Bb5 Nc3 56. Rd7+ Ke6 57. Rb7 Nxb5 
58. axb5 Kd5 59. b6 Rb5 60. Rd7+ Kc6 61. Rxh7 Rxb6 62. Kd3 Kd5 63. Rd7+ Rd6 
64. Re7 Rc6 65. Rd7+ Ke6 66. Rd8 Rc3+ 67. Kd2 Kf5 68. Rh8 Rg3 69. Rh1 e4 70. 
Rh2 Kf4 71. Rh4+ Kf3 72. Rh8 Rg2+ 73. Ke1 e3 74. Rf8+ Ke4 75. Re8+ Kd3 76. 
Kf1 Rf2+ 0-1

[Event "First Division Chess League 2008"]
[Site "Dhaka,Bangladesh"]
[Date "2008.12.19"]
[Round "4"]
[White "Khondakar Nazre Mowla"]
[Black "Bhuiyan Golam Mostafa"]
[Result "0-1"]
[WhiteElo "1872"]
[BlackElo "2125"]
[ECO "B72"]
[TimeControl "90 minutes + 30 seconds increment"]

1. e4 c5 2. Nf3 d6 3. d4 cxd4 4. Nxd4 Nf6 5. Nc3 g6 6. Be3 Bg7 7. Be2 O-O 8. 
Qd2 Nc6 9. f3 Bd7 10. O-O-O Qa5 11. Kb1 Rac8 12. g4 Ne5 13. h4 Nc4 14. Bxc4 
Rxc4 15. Nd5 Qd8 16. h5 Nxd5 17. exd5 g5 18. Qd3 Qc7 19. h6 Be5 20. Rd2 Rc8 
21. c3 f6 22. Rdd1 Be8 23. Ka1 Bg6 24. Nf5 b5 25. Rc1 b4 26. cxb4 Rxc1+ 27. 
Rxc1 Qxc1+ 28. Bxc1 Rxc1+ 29. Qb1 Rxb1+ 30. Kxb1 Kf7 31. Kc1 e6 32. Ne3 Bf4 
33. dxe6+ Kxe6 34. Kd2 d5 0-1

[Event "First Division Chess League 2008"]
[Site "Dhaka,Bangladesh"]
[Date "2008.12.19"]
[Round "5"]
[White "Chanchal Kumar Gosh"]
[Black "Khondakar Nazre Mowla"]
[Result "1-0"]
[WhiteElo "2231"]
[BlackElo "1872"]
[ECO "C42"]
[TimeControl "90 minutes + 30 seconds increment"]

1. e4 e5 2. Nf3 Nf6 3. Nxe5 d6 4. Nf3 Nxe4 5. d4 d5 6. Bd3 Bd6 7. c4 c6 8. 
Qc2 O-O 9. O-O Nf6 10. Bg5 h6 11. Bh4 Nbd7 12. cxd5 cxd5 13. Nc3 Qc7 14. Rac1 
Bf4 15. Rce1 b6 16. Re7 Bd6 17. Bxf6 gxf6 18. Bh7+ Kh8 19. Re2 Ba6 20. Bd3 
Bb7 21. Qb3 Rae8 22. Rxe8 Rxe8 23. Nxd5 Qc6 24. Ne3 1-0

[Event "First Division Chess League 2008"]
[Site "Dhaka,Bangladesh"]
[Date "2008.12.20"]
[Round "6"]
[White "Khondakar Nazre Mowla"]
[Black "Mohammad Javed"]
[Result "0-1"]
[WhiteElo "1872"]
[BlackElo "2235"]
[ECO "B96"]
[TimeControl "90 minutes + 30 seconds increment"]

1. e4 c5 2. Nf3 d6 3. d4 cxd4 4. Nxd4 Nf6 5. Nc3 a6 6. Bg5 e6 7. f4 Nbd7 8. 
Qd2 h6 9. Bxf6 Nxf6 10. O-O-O Be7 11. Be2 O-O 12. Bf3 Qc7 13. Kb1 Re8 14. h3 
e5 15. Nde2 b5 16. g4 b4 17. Nd5 Nxd5 18. exd5 exf4 19. Nxf4 Bd7 20. Rde1 Bg5 
21. Rxe8+ Rxe8 22. h4 Bf6 23. Nh5 Be5 24. g5 hxg5 25. hxg5 Bf5 26. Nf4 b3 27. 
Nd3 bxc2+ 28. Qxc2 Qb6 29. Be2 Bxb2 0-1

[Event "First Division Chess League 2008"]
[Site "Dhaka,Bangladesh"]
[Date "2008.12.20"]
[Round "7"]
[White "Mohammad Alimul Haque Kazal"]
[Black "Khondakar Nazre Mowla"]
[Result "1-0"]
[WhiteElo "2132"]
[BlackElo "1872"]
[ECO "D32"]
[TimeControl "90 minutes + 30 seconds increment"]

1. d4 d5 2. c4 e6 3. Nc3 c5 4. e3 cxd4 5. exd4 Nf6 6. Nf3 Nc6 7. Be2 Be7 8. 
O-O O-O 9. a3 h6 10. c5 Ne4 11. Qd3 Nxc3 12. Qxc3 a5 13. Bf4 Bd7 14. b4 axb4 
15. axb4 Na7 16. Ne5 Bf6 17. Qd2 Bxe5 18. Bxe5 Bb5 19. Rxa7 Rxa7 20. Bxb5 Qh4 
21. g3 Qg4 22. Be2 Qf5 23. Bd3 Qf3 24. Qe3 Qh5 25. b5 Rc8 26. Bc2 Ra5 27. Qd3 
f5 28. Rb1 Qe8 29. c6 b6 30. Bd6 Rca8 31. Qc3 1-0

[Event "First Division Chess League 2008"]
[Site "Dhaka,Bangladesh"]
[Date "2008.12.21"]
[Round "8"]
[White "Khondakar Nazre Mowla"]
[Black "Moniruzzaman Khan"]
[Result "1/2-1/2"]
[WhiteElo "1872"]
[BlackElo "2114"]
[ECO "B00"]
[TimeControl "90 minutes + 30 seconds increment"]

1. e4 d6 2. d4 c6 3. c4 Nf6 4. Nc3 a5 5. Nf3 Bg4 6. Be2 Nbd7 7. O-O e5 8. Be3 
Be7 9. Qd2 Qc7 10. h3 Bh5 11. Rac1 O-O 12. Rfd1 Rfe8 13. d5 c5 14. b3 Bg6 15. 
Bd3 Rf8 16. Rf1 Ne8 17. Nh2 Nb6 18. f4 exf4 19. Bxf4 Bf6 20. Nb5 Qd7 21. Ng4 
Be7 22. e5 a4 23. Bxg6 hxg6 24. Rce1 axb3 25. axb3 dxe5 26. Nxe5 Qd8 27. Nd3 
Nd6 28. Rxe7 Nxb5 29. Rfe1 Nxd5 30. cxd5 Qxd5 31. Nc1 Qc6 32. Qd7 Qxd7 33. 
Rxd7 b6 34. Rb7 Ra6 35. Bc7 Rc8 36. Rb8 Rxb8 37. Bxb8 f6 38. Kf2 Kf7 39. Re2 
Nd4 40. Rb2 b5 41. Ne2 Nc6 42. Bf4 g5 43. Be3 Ne5 44. Nc1 c4 45. bxc4 bxc4 
46. Rc2 Ra4 47. Ke2 Ke6 48. Bc5 f5 49. Ra2 Rxa2+ 50. Nxa2 g4 51. Ke3 gxh3 52. 
gxh3 g5 53. Nc3 Nd3 54. Ba7 Nf4 55. h4 Ng2+ 56. Kd4 gxh4 57. Kxc4 h3 58. Ne2 
f4 59. Bg1 Kf5 60. Kd3 Ne1+ 61. Kc3 f3 62. Ng3+ Kf4 63. Bf2 Ng2 64. Kd2 Kg4 
65. Nf1 Kf4 66. Kd3 Kg5 67. Ke4 Nh4 68. Bxh4+ Kxh4 69. Kxf3 1/2-1/2

[Event "First Division Chess League 2008"]
[Site "Dhaka,Bangladesh"]
[Date "2008.12.22"]
[Round "9"]
[White "Reefat Bin Sattar"]
[Black "Khondakar Nazre Mowla"]
[Result "1-0"]
[WhiteElo "2471"]
[BlackElo "1872"]
[ECO "C55"]
[TimeControl "90 minutes + 30 seconds increment"]

1. e4 e5 2. Nf3 Nc6 3. Bc4 Nf6 4. d3 h6 5. c3 Be7 6. O-O O-O 7. Re1 d6 8. a4 
Na5 9. Ba2 c5 10. b4 cxb4 11. cxb4 Nc6 12. b5 Nb8 13. d4 Bg4 14. dxe5 Bxf3 
15. Qxf3 dxe5 16. Bb2 Nbd7 17. Nd2 Bb4 18. Red1 Qe7 19. Nc4 Rac8 20. Ne3 g6 
21. h4 h5 22. Bd5 Rc7 23. Rac1 Rfc8 24. Bxb7 Rxc1 25. Bxc1 Rc7 26. Bc6 Nb6 
27. Qg3 Kh7 28. Bb2 Nfd7 29. Nd5 Nxd5 30. exd5 Bd6 31. Re1 1-0

[Event "First Division Chess League 2008"]
[Site "Dhaka,Bangladesh"]
[Date "2008.12.23"]
[Round "10"]
[White "Khondakar Nazre Mowla"]
[Black "Soumyaranjan Mishra"]
[Result "0-1"]
[WhiteElo "1872"]
[BlackElo "2287"]
[ECO "B02"]
[TimeControl "90 minutes + 30 seconds increment"]

1. e4 Nf6 2. Nc3 d5 3. exd5 Nxd5 4. Nf3 Bg4 5. Be2 e6 6. O-O Nf4 7. Bc4 Nc6 
8. d4 Bd6 9. Be3 O-O 10. Ne4 Ne7 11. Nxd6 Qxd6 12. Qd2 Nxg2 13. Kxg2 Bxf3+ 
14. Kxf3 Qc6+ 15. Ke2 Qxc4+ 16. Ke1 Nf5 17. Qe2 Qd5 18. Qg4 c5 19. Rg1 cxd4 
0-1

[Event "First Division Chess League 2008"]
[Site "Dhaka,Bangladesh"]
[Date "2008.12.24"]
[Round "11"]
[White "Saidul Islam"]
[Black "Khondakar Nazre Mowla"]
[Result "1/2-1/2"]
[WhiteElo "2083"]
[BlackElo "1872"]
[ECO "C44"]
[TimeControl "90 minutes + 30 seconds increment"]

1. e4 e5 2. Nf3 Nc6 3. d4 exd4 4. Bc4 Nf6 5. O-O d6 6. Nxd4 Be7 7. Nc3 O-O 8. 
Nd5 Nxd5 9. Nxc6 bxc6 10. exd5 c5 11. Bd3 Bf6 12. c4 Re8 13. Re1 Rb8 14. 
Rxe8+ Qxe8 15. Rb1 Bd7 16. b3 Qe7 17. Bb2 Re8 18. Bxf6 Qxf6 19. Qd2 Qd4 20. 
Qc2 g6 21. h3 Qf6 22. Qd2 Bf5 23. Bxf5 Qxf5 24. Rf1 Qc8 25. Re1 Rxe1+ 26. 
Qxe1 Qf5 27. Qe7 Qb1+ 28. Kh2 Qb2 29. Kg3 h5 30. f3 Kg7 31. h4 Qd2 32. Kh3 
Qf4 33. Qe2 Qf5+ 34. Kg3 Qe5+ 35. Kf2 1/2-1/2

[Event "First Division Chess League 2008"]
[Site "Dhaka,Bangladesh"]
[Date "2008.12.25"]
[Round "12"]
[White "Khondakar Nazre Mowla"]
[Black "Mohammad Sharif Hossain"]
[Result "1-0"]
[WhiteElo "1872"]
[BlackElo "2012"]
[ECO "B78"]
[TimeControl "90 minutes + 30 seconds increment"]

1. e4 c5 2. Nf3 d6 3. d4 cxd4 4. Nxd4 Nf6 5. Nc3 g6 6. Be3 Bg7 7. f3 O-O 8. 
Qd2 Nc6 9. Bc4 Bd7 10. O-O-O Ne5 11. Bb3 Rc8 12. h4 h5 13. Bg5 Rc5 14. g4 
hxg4 15. f4 Nc4 16. Qe2 b5 17. Bxf6 Bxf6 18. f5 Qa5 19. Qxg4 Nxb2 20. Qxg6+ 
Bg7 21. Rhg1 Nd3+ 22. Rxd3 1-0

[Event "First Division Chess League 2008"]
[Site "Dhaka,Bangladesh"]
[Date "2008.12.25"]
[Round "13"]
[White "Din Mohammad"]
[Black "Khondakar Nazre Mowla"]
[Result "1-0"]
[WhiteElo "2046"]
[BlackElo "1872"]
[ECO "D30"]
[TimeControl "90 minutes + 30 seconds increment"]

1. d4 d5 2. c4 e6 3. Nf3 c5 4. cxd5 exd5 5. g3 Nc6 6. Bg2 Nf6 7. O-O Bd6 8. 
Nc3 O-O 9. Bg5 cxd4 10. Nxd4 Be5 11. Nf3 Bxc3 12. bxc3 Be6 13. Qa4 h6 14. Bf4 
Ne4 15. Rfc1 Rc8 16. Nd4 Nc5 17. Qb5 Qa5 18. Bd6 Qxb5 19. Nxb5 Na4 20. Bxf8 
Kxf8 21. e4 dxe4 22. Bxe4 Ke7 23. Nd4 Nc5 24. Bxc6 bxc6 25. Re1 Kf6 26. Nxe6 
Nxe6 27. Rab1 Rc7 28. Red1 Ke7 29. Rd2 c5 30. f4 Kf6 31. a4 g5 32. fxg5+ Nxg5 
33. Re2 Nf3+ 34. Kg2 Ne5 35. Rf1+ Ke6 36. Rf4 f6 37. a5 Rd7 38. h3 Rd3 39. 
Ref2 Nd7 40. R4f3 Rd1 41. Ra2 Ne5 42. Re3 Kd5 43. a6 h5 44. Rf2 Ke6 45. Ref3 
Nxf3 46. Kxf3 Rd3+ 47. Kf4 Rxc3 48. Re2+ Kd5 49. Re7 Ra3 50. Rxa7 Kd4 51. Ra8 
Kc4 52. a7 Kc3 53. Kf5 1-0

[Event "First Division Chess League 2008"]
[Site "Dhaka,Bangladesh"]
[Date "2008.12.26"]
[Round "14"]
[White "Masudur Rahman Bari"]
[Black "Khondakar Nazre Mowla"]
[Result "1-0"]
[WhiteElo "2069"]
[BlackElo "1872"]
[ECO "D02"]
[TimeControl "90 minutes + 30 seconds increment"]

1. d4 d5 2. Nf3 e6 3. a3 Nf6 4. e3 c5 5. b3 Nc6 6. Bb2 Bd6 7. Nbd2 cxd4 8. 
exd4 O-O 9. Bd3 Re8 10. Ne5 Qb6 11. Ndf3 Ne4 12. O-O Bxe5 13. dxe5 Qc7 14. 
Re1 Rd8 15. Re3 Qe7 16. Nd2 Nxd2 17. Qxd2 g6 18. Rh3 Qf8 19. Qg5 Bd7 20. Re1 
Qg7 21. Ree3 Kf8 22. Rh6 1-0

[Event "First Division Chess League 2008"]
[Site "Dhaka,Bangladesh"]
[Date "2008.12.27"]
[Round "15"]
[White "Khondakar Nazre Mowla"]
[Black "Mohammad Hasan Emam"]
[Result "1/2-1/2"]
[WhiteElo "1872"]
[BlackElo "2143"]
[ECO "B08"]
[TimeControl "90 minutes + 30 seconds increment"]

1. e4 d6 2. d4 Nf6 3. Nc3 g6 4. Nf3 Bg7 5. Be2 O-O 6. O-O Nbd7 7. h3 e5 8. 
dxe5 dxe5 9. Be3 c6 10. Qd2 Qe7 11. Rfd1 Nc5 12. Bg5 h6 13. Bxh6 Ncxe4 14. 
Nxe4 Nxe4 15. Qe3 Bxh6 16. Qxh6 Qf6 17. Re1 Re8 18. Bc4 Nd6 19. Bb3 Nf5 20. 
Qg5 Kg7 21. Qxf6+ Kxf6 22. Rad1 e4 23. g4 Ng7 24. Nd2 e3 25. Rxe3 Rxe3 26. 
fxe3 Be6 27. Bxe6 Nxe6 1/2-1/2

[Event "Prime Bank FIDE Rating"]
[Site "Dhaka,Bangladesh"]
[Date "2008.11.29"]
[Round "1"]
[White "Khondakar Nazre Mowla"]
[Black "Syed Mahfuzur Rahman"]
[Result "0-1"]
[WhiteElo "1872"]
[BlackElo "2297"]
[ECO "B33"]
[TimeControl "90 minutes + 30 seconds increment"]

1. e4 c5 2. Nf3 Nc6 3. d4 cxd4 4. Nxd4 Nf6 5. Nc3 e5 6. Ndb5 d6 7. Bg5 a6 8. 
Na3 b5 9. Nd5 Be7 10. Nxe7 Nxe7 11. Bxf6 gxf6 12. c4 f5 13. cxb5 fxe4 14. 
bxa6 O-O 15. Qd2 d5 16. f3 Nf5 17. O-O-O Nd4 18. Nc2 Nxc2 19. Kxc2 Bf5 20. 
Qxd5 exf3+ 21. Kc3 Qc7+ 22. Kb4 Rfb8+ 23. Bb5 Rxa6 24. a4 Be6 25. Qe4 f5 26. 
Qh4 Bf7 27. Rc1 Qa5+ 28. Ka3 Qxb5 0-1

[Event "Prime Bank FIDE Rating"]
[Site "Dhaka,Bangladesh"]
[Date "2008.12.01"]
[Round "4"]
[White "Zainal Abedin"]
[Black "Khondakar Nazre Mowla"]
[Result "1/2-1/2"]
[WhiteElo "1762"]
[BlackElo "1872"]
[ECO "C58"]
[TimeControl "90 minutes + 30 seconds increment"]

1. e4 e5 2. Nf3 Nc6 3. Bc4 Nf6 4. Ng5 d5 5. exd5 Na5 6. Bb5+ c6 7. dxc6 bxc6 
8. Qf3 Rb8 9. Bxc6+ Nxc6 10. Qxc6+ Nd7 11. d3 Be7 12. Ne4 Rb6 13. Qd5 Bb7 14. 
Qc4 1/2-1/2

[Event "Prime Bank FIDE Rating"]
[Site "Dhaka,Bangladesh"]
[Date "2008.12.04"]
[Round "7"]
[White "Khondakar Nazre Mowla"]
[Black "Mohammad Abdur Rashid"]
[Result "1-0"]
[WhiteElo "1872"]
[BlackElo "2025"]
[ECO "C01"]
[TimeControl "90 minutes + 30 seconds increment"]

1. e4 e6 2. d4 d5 3. exd5 exd5 4. Nf3 Nf6 5. Bg5 Be7 6. Bd3 Bg4 7. Nbd2 O-O 
8. O-O Nbd7 9. c3 c6 10. Qc2 Qc7 11. Bxh7+ Nxh7 12. Bxe7 Rfe8 13. Rfe1 Qf4 
14. Bh4 Nb6 15. Bg3 Qf6 16. Be5 Qh6 17. h3 Be6 18. Re3 f5 19. Rae1 Nf8 20. 
Bd6 Nbd7 21. Ne5 f4 22. R3e2 Qf6 23. Bxf8 Nxf8 24. Ndf3 g5 25. Ng4 Bxg4 26. 
hxg4 Rxe2 27. Qxe2 Nh7 28. Qe7 Qf7 29. Re5 Qxe7 30. Rxe7 Rb8 31. Re5 Nf6 32. 
Rxg5+ Kh7 33. Ne5 Rg8 34. Rxg8 Kxg8 35. Kf1 Kg7 36. Nd3 Nxg4 37. Nxf4 Kf6 38. 
Ke2 Kf5 39. Nd3 Nf6 40. f3 Nd7 41. Nc5 1-0

[Event "Prime Bank FIDE Rating"]
[Site "Dhaka,Bangladesh"]
[Date "2008.12.05"]
[Round "8"]
[White "Jamal Ahmed"]
[Black "Khondakar Nazre Mowla"]
[Result "1-0"]
[WhiteElo "2088"]
[BlackElo "1872"]
[ECO "D00"]
[TimeControl "90 minutes + 30 seconds increment"]

1. d4 d5 2. Bf4 Nf6 3. e3 e6 4. c4 Be7 5. Nc3 O-O 6. Nf3 c5 7. dxc5 Bxc5 8. 
Qc2 Nc6 9. Rd1 Qa5 10. Be2 Ne4 11. O-O Nxc3 12. bxc3 Be7 13. cxd5 exd5 14. 
Qb3 Bf6 15. Bd6 Rd8 16. Bb4 Nxb4 17. cxb4 Qc7 18. Nd4 a6 19. a4 Be6 20. b5 
Bxd4 21. Rxd4 axb5 22. axb5 b6 23. f4 f5 24. g4 g6 25. gxf5 gxf5 26. Bf3 Qc5 
27. Qb2 Ra5 28. Kh1 Kf7 29. Rg1 1-0

[Event "Destiny 2000 FIDE Rating"]
[Site "Dhaka, Bangladesh"]
[Date "2008.09.14"]
[Round "2"]
[White "Khondakar Nazre Mowla"]
[Black "Sheikh Khairul Islam"]
[Result "1-0"]
[WhiteElo "1872"]
[BlackElo "2100"]
[ECO "B34"]
[TimeControl "90 minutes + 30 seconds increment"]

1. e4 c5 2. Nf3 Nc6 3. d4 cxd4 4. Nxd4 g6 5. Nc3 Nf6 6. Be3 Bg7 7. Bc4 d6 8. 
O-O O-O 9. h3 Bd7 10. Re1 Rc8 11. Bb3 a6 12. f4 b5 13. a3 Nh5 14. Nce2 e5 15. 
Nf3 Be6 16. fxe5 Nxe5 17. Nxe5 Bxe5 18. Bd4 Bxb3 19. cxb3 Qg5 20. Bxe5 dxe5 
21. Nc3 Rfd8 22. Qf3 Nf4 23. Rad1 h5 24. Kh2 Kg7 25. g3 Ne6 26. Rf1 Rc7 27. 
h4 Qe7 28. Nd5 Rc2+ 29. Kh1 Rxd5 30. exd5 Nd4 31. Rxd4 exd4 32. Qd3 Qc5 33. 
Qe4 f5 34. Qe5+ Kh7 35. Qe6 Qc7 36. Rd1 Rxb2 37. Re1 Kh6 38. Qf6 Qg7 39. Qg5+ 
Kh7 40. Re7 d3 41. Rxg7+ Kxg7 42. Qe7+ Kh6 43. Qf6 Rb1+ 44. Kg2 Kh7 45. Qe7+ 
Kh6 46. Qe3+ 1-0

[Event "Destiny 2000 FIDE Rating"]
[Site "Dhaka, Bangladesh"]
[Date "2008.09.15"]
[Round "3"]
[White "Delwar Hossain"]
[Black "Khondakar Nazre Mowla"]
[Result "1-0"]
[WhiteElo "2100"]
[BlackElo "1872"]
[ECO "C39"]
[TimeControl "90 minutes + 30 seconds increment"]

1. e4 e5 2. f4 exf4 3. Nf3 g5 4. h4 g4 5. Ng5 h6 6. Nxf7 Kxf7 7. Qxg4 Qf6 8. 
Bc4+ Ke8 9. Bxg8 Qg7 10. Qxg7 Bxg7 11. Bb3 Nc6 12. c3 Ne5 13. Bc2 Rf8 14. d4 
Ng4 15. O-O Ne3 16. Bxe3 fxe3 17. Na3 b6 18. Rxf8+ Kxf8 19. Re1 Ba6 20. Rxe3 
Re8 21. Bd1 d6 22. Bh5 Re7 23. Nc2 Bb7 24. Bg6 c5 25. Rf3+ Kg8 26. d5 Bc8 27. 
Ne3 b5 28. Bf5 Bxf5 29. Nxf5 1-0

[Event "Destiny 2000 FIDE Rating"]
[Site "Dhaka, Bangladesh"]
[Date "2008.09.16"]
[Round "4"]
[White "Khondakar Nazre Mowla"]
[Black "Anisuzzaman Mallik"]
[Result "0-1"]
[WhiteElo "1872"]
[BlackElo "2040"]
[ECO "C11"]
[TimeControl "90 minutes + 30 seconds increment"]

1. e4 e6 2. d4 d5 3. Nc3 Nf6 4. e5 Nfd7 5. f4 c5 6. Nf3 Nc6 7. Be3 a6 8. Na4 
cxd4 9. Nxd4 g5 10. Nxc6 bxc6 11. fxg5 c5 12. c3 Qc7 13. Bf4 Bg7 14. Be2 Bxe5 
15. Bxe5 Qxe5 16. O-O Qxg5 17. Bh5 Rf8 18. Qe2 Qe7 19. Rfe1 Kd8 20. Rad1 Bb7 
21. Bf3 Qh4 22. b3 Bc6 23. Nb2 Kc7 24. Nd3 Rg8 25. Ne5 Qf4 26. Nxc6 Kxc6 27. 
c4 Rg5 28. cxd5+ exd5 29. Rf1 Qd6 30. Qd2 Rag8 31. a4 Nf6 32. Qa5 Kb7 33. Rc1 
Ne4 34. b4 c4 35. b5 Qb6+ 36. Qxb6+ Kxb6 37. Bxe4 dxe4 38. g3 axb5 39. axb5 
Kxb5 40. Rxf7 R8g7 41. Rxg7 Rxg7 42. Kf2 Kc5 43. Ke3 Re7 44. g4 Kb4 45. g5 
Kb3 46. Rb1+ Kc2 47. Rb8 c3 48. Rc8 Kb2 49. Rb8+ Kc1 50. Rc8 c2 51. h4 Re6 
52. Rc7 h6 53. gxh6 Rxh6 54. Kxe4 Rxh4+ 55. Ke3 Rh3+ 56. Ke2 Kb2 0-1

[Event "Destiny 2000 FIDE Rating"]
[Site "Dhaka, Bangladesh"]
[Date "2008.09.18"]
[Round "6"]
[White "Khondakar Nazre Mowla"]
[Black "S A M Naser"]
[Result "1/2-1/2"]
[WhiteElo "1872"]
[BlackElo "2070"]
[ECO "B00"]
[TimeControl "90 minutes + 30 seconds increment"]

1. e4 d6 2. d4 g6 3. Nf3 Bg7 4. Nc3 Nf6 5. Be2 O-O 6. O-O c6 7. Bg5 Qc7 8. 
Qd2 Re8 9. Rad1 Nbd7 10. h3 b5 11. Bd3 b4 12. Na4 a5 13. c4 e5 14. dxe5 dxe5 
15. Bc2 Ba6 16. b3 c5 17. Bxf6 Nxf6 18. Qd6 Rec8 19. Qxe5 Qxe5 20. Nxe5 Re8 
21. Nd7 Nxe4 22. Bxe4 Rxe4 23. Rfe1 Rxe1+ 24. Rxe1 Rd8 25. Ndxc5 Bc8 26. Re2 
h5 27. g3 Bxh3 28. f3 Bf5 29. Kg2 g5 30. Ne4 g4 31. Rd2 gxf3+ 32. Kf2 Rxd2+ 
33. Nxd2 Bd7 34. Kxf3 Bxa4 35. bxa4 Be5 36. Nb3 Bc7 37. Nd4 Kf8 38. Nb5 Be5 
39. Na7 Ke8 40. Nc6 Bc7 41. Nd4 Kd7 42. Nf5 Kc6 43. Ke4 Kc5 44. Kd3 Be5 45. 
Nh6 Bxg3 46. Nxf7 Bf4 47. Nd8 Kd6 48. Ke4 Bc1 49. Nb7+ Kc7 50. Nxa5 h4 51. 
Nb3 h3 52. Kf3 Bf4 53. a5 Kb7 54. Nc5+ Kc6 55. Nd3 h2 56. Kg2 Bb8 57. Nxb4+ 
Kb7 58. Nd3 Ka6 59. Nb4+ Kb7 60. a6+ Kb6 61. Nd3 Kxa6 62. Ne1 Ka5 63. Nf3 Kb4 
64. Nxh2 Bxh2 65. Kxh2 Kxc4 66. a4 Kb4 67. a5 Kxa5 1/2-1/2

[Event "Destiny 2000 FIDE Rating"]
[Site "Dhaka,Bangladesh"]
[Date "2008.09.19"]
[Round "7"]
[White "Shajahan Kabir"]
[Black "Khondakar Nazre Mowla"]
[Result "1/2-1/2"]
[WhiteElo "2006"]
[BlackElo "1872"]
[ECO "C88"]
[TimeControl "90 minutes + 30 seconds increment"]

1. e4 e5 2. Nf3 Nc6 3. Bb5 a6 4. Ba4 Nf6 5. O-O Be7 6. Re1 b5 7. Bb3 d6 8. c3 
O-O 9. h3 Na5 10. Bc2 c5 11. d4 Qc7 12. Nbd2 cxd4 13. cxd4 Nc6 14. d5 Nb4 15. 
Bb1 a5 16. a3 Na6 17. Nf1 a4 18. Ng3 Nc5 19. Bc2 Bd7 20. Bd2 Rfc8 21. Nh2 Nb7 
22. Rc1 Qd8 23. f4 Be8 24. fxe5 dxe5 25. Bc3 Rxc3 26. bxc3 Bxa3 27. Rb1 Qb6+ 
28. Kh1 Qc5 1/2-1/2

[Event "Destiny 2000 FIDE Rating"]
[Site "Dhaka,Bangladesh"]
[Date "2008.09.21"]
[Round "9"]
[White "Mohammad Sharif Hossain"]
[Black "Khondakar Nazre Mowla"]
[Result "1-0"]
[WhiteElo "2012"]
[BlackElo "1872"]
[ECO "C88"]
[TimeControl "90 minutes + 30 seconds increment"]

1. e4 e5 2. Nf3 Nc6 3. Bb5 a6 4. Ba4 Nf6 5. O-O Be7 6. Re1 b5 7. Bb3 d6 8. d3 
Na5 9. Nbd2 Bg4 10. Nf1 O-O 11. h3 Bh5 12. Ne3 Re8 13. g4 Nxb3 14. axb3 Bg6 
15. Nf5 Bf8 16. Bg5 c5 17. Kh1 Qc7 18. Bxf6 gxf6 19. h4 Kh8 20. Ng3 h6 21. h5 
Bh7 22. Nh4 Qd7 23. Qd2 Qxg4 24. Nhf5 Bxf5 25. Nxf5 Qxh5+ 26. Kg2 Qg5+ 27. 
Qxg5 fxg5 28. Ra5 Ra7 29. Kg3 Kh7 30. Rea1 Rea8 31. Ne3 Be7 32. Nf5 Bf8 33. 
Ne3 Kg6 34. Nd5 Be7 35. Nxe7+ Rxe7 36. Rxa6 Rd8 37. Rc6 f5 38. Raa6 f4+ 39. 
Kh3 Re6 40. Rxc5 h5 41. Rxb5 g4+ 42. Kh4 Rf6 43. d4 g3 44. fxg3 f3 45. Ra1 f2 
46. Rf1 Rc8 47. dxe5 dxe5 48. c4 Rd8 49. Rd5 Rb8 50. Rd3 Rb4 51. Kh3 Rfb6 52. 
Rxf2 Rxb3 53. Rxb3 Rxb3 54. Rc2 Kg5 55. c5 h4 56. c6 Rxg3+ 57. Kh2 1-0